 Dungeon Crawl Stone Soup version 0.16-a0-2755-gf4312ef (webtiles) character file.

16 Engwar the Ruffian (level 2, -1/27 HPs)
             Began as an Ogre Transmuter on Nov 27, 2014.
             Was an Initiate of Nemelex Xobeh.
             Slain by a jackal (2 damage)
             ... on level 1 of the Dungeon.
             The game lasted 00:04:22 (603 turns).

Engwar the Ruffian (Ogre Transmuter)                 Turns: 603, Time: 00:04:23

Health: -1/27      AC:  3    Str: 14    XL:     2   Next: 58%
Magic:  4/5        EV: 10    Int: 12    God:    Nemelex Xobeh [......]
Gold:   7          SH:  0    Dex: 10    Spells: 1 memorised, 4 levels left

rFire  . . .     SeeInvis .       - Unarmed
rCold  . . .     Clarity  .     c - +0 robe
rNeg   . . .     SustAb   .     (shield restricted)
rPois  .         Gourm    .     (helmet restricted)
rElec  .         Spirit   .     (no cloak)
rCorr  .         Warding  .     (gloves unavailable)
rMut   .         Stasis   .     (boots unavailable)
MR     .....                    (no amulet)
Stlth  +.........               (no ring)
                                (no ring)

@: appendage (expiring), not resistant to hostile enchantments, very unstealthy
A: unfitting armour, talons 3, tough skin 1
a: End Transformation, Renounce Religion


You were on level 1 of the Dungeon.
You worshipped Nemelex Xobeh.
Nemelex Xobeh was noncommittal.
You were not hungry.
You had grown temporary talons.
You visited 1 branch of the dungeon, and saw 1 of its levels.

You collected 7 gold pieces.


Innate Abilities, Weirdness & Mutations

You are too large for most types of armour.
You have tough skin (AC +1).
You have claws for feet.


   Skills:
 - Level 1.3 Fighting
 - Level 1.7 Dodging
 + Level 0.6 Stealth
 + Level 3.1 Unarmed Combat
 - Level 2.4 Spellcasting
 - Level 1.5 Transmutations


You had 4 spell levels left.
You knew the following spells:

 Your Spells              Type           Power        Failure   Level  Hunger
z - Beastly Appendage     Trmt           #.....       14%         1    ##.....

Inventory:

Missiles
 b - 12 arrows
Armour
 c - a +0 robe (worn)
Scrolls
 e - a scroll of recharging {unknown}
Books
 d - a book of Changes

   Spells                             Type                      Level
   *Beastly Appendage                 Transmutation                1
   Sticks to Snakes                   Transmutation                2
   Spider Form                        Transmutation/Poison         3
   Ice Form                           Ice/Transmutation            4
   Blade Hands                        Transmutation                5
Comestibles
 a - a meat ration

#..#####(.....##.#
#........>......#
......##......####
####.###(..#.#
........[.##.#
..##.###(.##.# #..##.#
#.h##.# #O.##.#
#..##.# #.....#
#....)#
###[..÷.#######
#.......÷.....####
#.......)........##
#..........⌠...⌠..##
#.............###....#


You could see a jackal.


Message History

The jackal is severely wounded.
A jackal comes into view.
Your feet morph into talons.
You barely miss the jackal.
The jackal is severely wounded.
The jackal bites you but does no damage.
The jackal bites you.
* * * LOW HITPOINT WARNING * * *
You completely miss the jackal.
The jackal is severely wounded.
The jackal bites you but does no damage.
The jackal bites you.
* * * LOW HITPOINT WARNING * * *
You hit the jackal.
You kill the jackal!
The jackal bites you.
* * * LOW HITPOINT WARNING * * *
You aren't carrying any potions.
You completely miss the jackal. The jackal misses you.
You hit the jackal.
The jackal is moderately wounded.
Your transformation is almost over.
The jackal bites you but does no damage.
The jackal bites you.
* * * LOW HITPOINT WARNING * * *
You hit the jackal but do no damage. You claw the jackal, but do no damage.
The jackal is moderately wounded.
The jackal bites you.
You die...
Your body disappears without a glow.

Action                   || total
-------------------------++-------
Melee: Unarmed           ||    61
Throw: Tomahawk          ||     5
 Cast: Beastly Appendage ||     2

Vault maps used:
D:1:      scummos_arrival_simple_fountains, nemelex_xobeh_ov_fountains_minmay

Notes
Turn   | Place    | Note
--------------------------------------------------------------
     0 | D:1      | Engwar, the Ogre Transmuter, began the quest for the Orb.
     0 | D:1      | Reached XP level 1. HP: 19/19 MP: 3/3
   242 | D:1      | Found a sparkling altar of Nemelex Xobeh.
   331 | D:1      | Reached skill level 3 in Unarmed Combat
   331 | D:1      | Reached XP level 2. HP: 9/27 MP: 5/5
   540 | D:1      | Became a worshipper of Nemelex Xobeh the Trickster
   552 | D:1      | HP: 1/27 [hobgoblin/club (6)]
   600 | D:1      | HP: 2/27 [jackal (1)]
   603 | D:1      | Slain by a jackal

Vanquished Creatures
  A giant gecko (D:1)
  A ball python (D:1)
  A bat (D:1)
  2 hobgoblins (D:1)
  3 jackals (D:1)
  A giant newt (D:1)
  2 goblins (D:1)
  2 kobolds (D:1)
  A rat (D:1)
14 creatures vanquished.
